 Dungeon Crawl Stone Soup version 0.19.0-2-gae57169 (webtiles) character file.

102 varam the Chopper (level 4, -2/39 HPs)
             Began as a Hill Orc Fighter on Nov 4, 2016.
             Killed by divine providence
             ... invoked by an orc priest
              (12 damage)
             ... on level 3 of the Dungeon.
             The game lasted 00:06:00 (2005 turns).

varam the Chopper (Hill Orc Fighter)                Turns: 2005, Time: 00:06:01

Health: -2/39      AC: 11    Str: 18    XL:     4   Next: 77%
Magic:  4/4        EV:  7    Int:  8    God:
Gold:   131        SH: 11    Dex: 11    Spells: 0 memorised, 3 levels left

rFire  . . .     SeeInvis .     a - +0 war axe
rCold  . . .     Gourm    .     w - +0 scale mail (curse)
rNeg   . . .     Faith    .     c - +0 shield
rPois  .         Spirit   .     n - +0 helmet
rElec  .         Reflect  +     (no cloak)
rCorr  .         Harm     .     o - +0 pair of gloves
MR     .....                    i - +1 pair of boots
Stlth  ..........               j - +2 amulet of reflection
                                (no ring)
                                (no ring)

@: no status effects
A: no striking features
a: Convert to Beogh


You were on level 3 of the Dungeon.
You were not hungry.

You visited 1 branch of the dungeon, and saw 4 of its levels.

You collected 131 gold pieces.

Inventory:

Hand Weapons
 a - a +0 war axe (weapon)
Armour
 c - a +0 shield (worn)
 i - a +1 pair of boots (worn)
 n - a +0 helmet (worn)
 o - a +0 pair of gloves (worn)
 w - a cursed +0 scale mail (worn)
Jewellery
 j - a +2 amulet of reflection (around neck)
Wands
 u - a wand of flame (22/48)
Scrolls
 e - a scroll of amnesia {unknown}
 k - 2 scrolls of magic mapping {unknown}
 l - a scroll of enchant armour {unknown}
 p - a scroll of enchant weapon {unknown}
 r - 2 scrolls of blinking {unknown}
 s - 2 scrolls of teleportation {unknown}
 v - a scroll of remove curse {unknown}
 y - 2 scrolls of random uselessness {unknown}
Potions
 b - a potion of brilliance {unknown}
 d - 3 potions of might
 h - a potion of haste {unknown}
 q - a potion of cancellation {unknown}
 t - a potion of heal wounds {unknown}
Comestibles
 f - 4 bread rations
 g - 5 chunks of flesh
 m - 2 meat rations
 x - a beef jerky


   Skills:
 - Level 3.6 Fighting
 * Level 6.1 Axes
 - Level 3.2 Armour
 - Level 3.5 Shields


You had 3 spell levels left.
You didn't know any spells.

Dungeon Overview and Level Annotations

Branches:
Dungeon (4/15)
 Temple: D:4-7

Altars:


Message History

Things that are here:
a trident; a scale mail; an orc skeleton The orc shouts!
You see here 11 gold pieces.
An orc priest comes into view.
The orc priest shouts, "Surrender to Beogh and we'll let you live!" (press Y on the ability menu to convert to Beogh)
You see here 11 gold pieces.
The orc priest looks encouraged for a moment.
The orc priest calls down the wrath of Beogh upon you.
Beogh smites you!
You hit the orc but do no damage. You block the orc's attack.
You closely miss the orc. You block the orc's attack.
The orc priest invokes the aid of Beogh against you.
Beogh smites you!
* * * LOW HITPOINT WARNING * * *
The orc barely misses you.
The orc priest calls down the wrath of Beogh upon you.
Beogh smites you!
You die...

#.#.## #.# #.# #.#.#.#.#....#
#.#$.# #.# #.#.#.#.#<.......#
#.#.o# #.# #.#.#.#.#s##.##..#.
#.#..## #.#
#.#.#.#.#.#........ #.#...#
#.###.#.#.#.#.#..#.###.
#.#.#.# #...#.#.#<#.#.#s.#...
#.#.#.###.#.#.#.###.#.#..#####
#.........o.o.#............#
#...##.##.#.#.@.....#..#.#.#
#...##.##.#.....#####..#.#.#
#...##..#.###.#.# #..#.# #
#....)......#.#.# #..#.#
#..####...#.#.#.#####..#.#
#.........#.#..........#.#
##.###...>#.....#####.## #.#
#..#.####.## #.# #......#.#
#.# #.#


You could see an orc priest and an orc.

Vanquished Creatures
  A hound (D:4)
  Ijyb (D:3)
  A worm (D:2)
  2 dart slugs (D:1)
  2 leopard geckos (D:1)
  An orc (D:3)
  4 giant cockroaches (D:1)
  3 hobgoblins (D:2)
  6 kobolds
  A bat (D:2)
  3 frilled lizards
  5 goblins
  6 rats
36 creatures vanquished.

Notes
Turn   | Place    | Note
-------+----------+-------------------------------------------
     0 | D:1      | varam the Hill Orc Fighter began the quest for the Orb.
     0 | D:1      | Reached XP level 1. HP: 19/19 MP: 1/1
    59 | D:1      | Reached skill level 3 in Axes
   190 | D:1      | Reached XP level 2. HP: 25/26 MP: 2/2
   960 | D:1      | Reached skill level 4 in Axes
  1150 | D:1      | Reached XP level 3. HP: 31/31 MP: 3/3
  1751 | D:3      | Noticed a scorpion
  1815 | D:3      | Noticed Ijyb
  1837 | D:3      | Killed Ijyb
  1837 | D:3      | Reached skill level 5 in Axes
  1837 | D:3      | Reached XP level 4. HP: 36/39 MP: 4/4
  1918 | D:4      | Reached skill level 6 in Axes
  2005 | D:3      | Killed from afar by an orc priest

Skill      XL: |  1  2  3  4 |
---------------+-------------+-----
Axes           | 3 4 5 6 |  6.1
Fighting       | |  3.6
Armour         | |  3.2
Shields        | |  3.5

Action                   |  1- 3 |  4- 6 || total
-------------------------+-------+-------++-------
Melee: War axe           |   132 |    12 ||   144
  Eat: Chunk             |     3 |     1 ||     4
Armor: Scale mail        |    55 |     6 ||    61
Dodge: Dodged            |    35 |     4 ||    39
Block: Shield            |    63 |     7 ||    70
